 Dungeon Crawl Stone Soup version 0.31-a0-700-gf13585253f (webtiles) character file.

Game seed: 3543914853175848282

57018 qw the Marksgargoyle (level 14, -1/96 HPs)
             Began as a Gargoyle Hunter on Sept 7, 2023.
             Was a High Priest of Okawaru.
             Slain by a wolf spider (4 damage)
             ... on level 5 of the Lair of Beasts.
             The game lasted 00:07:48 (12955 turns).

qw the Marksgargoyle (Gargoyle Hunter)             Turns: 12955, Time: 00:07:48

Health: -1/96      AC: 27    Str: 18    XL:     14   Next: 84%
Magic:  21/21      EV: 17    Int:  5    God:    Okawaru [*****.]
Gold:   511        SH:  0    Dex: 17    Spells: 13/13 levels left

rFire   . . .        q - +7 arbalest of the Desert {penet, rElec rN+ Str+2 Int-5}
rCold   . . .        (shield currently unavailable)
rNeg    + + .        u - +2 ring mail of Instinct {+Inv Slay+3}
rPois   inf          v - +0 helmet
rElec   +            (no cloak)
rCorr   .            i - +0 pair of gloves
SInv    +            (no boots)
Will    +....        d - amulet of faith
Stlth   +++          c - +4 ring of protection
HPRegen 0.36/turn    n - ring of see invisible
MPRegen 0.17/turn

%: faith
@: about to teleport, heroic, flying
A: sickness immunity, AC +10, big wings, negative energy resistance 1,
electricity resistance, torment resistance 1, petrification resistance
a: Renounce Religion, Evoke Invisibility, Heroism, Finesse, Duel


You were on level 5 of the Lair of Beasts.
You worshipped Okawaru.
Okawaru was extremely pleased with you.
You visited 2 branches of the dungeon, and saw 13 of its levels.
You also visited: Ossuary.

You collected 1355 gold pieces.
You spent 844 gold pieces at shops.


Innate Abilities, Weirdness & Mutations

You are immune to sickness and miasma.
Your stone body is resilient. (AC +10)
You are immune to poison.
Your large and strong wings let you fly.
You resist negative energy. (rN+)
You are resistant to electric shocks. (rElec)
You are resistant to unholy torment.
You are immune to petrification.


   Skills:
 - Level 14.0(19.0) Fighting
 - Level 18.0(23.0) Ranged Weapons
 + Level 7.2(12.2) Armour
 - Level 7.0(12.0) Dodging
 - Level 1.1(6.1) Stealth
 - Level 10.0 Invocations


You had 13 spell levels left.
You didn't know any spells.
Your spell library was empty.

Inventory:

Hand Weapons
 q - the +7 arbalest of the Desert (weapon) {penet, rElec rN+ Str+2 Int-5}
   (Okawaru gifted it to you on level 1 of the Lair of Beasts)

   Str+2:     It affects your strength (+2).
   Int-5:     It affects your intelligence (-5).
   rElec:     It insulates you from electricity.
   rN+:       It protects you from negative energy.
Armour
 i - a +0 pair of gloves (worn)
 k - a +1 robe of resistance
 l - the +3 ring mail "Angyovim" {rF- rC+ rN+}
   (Okawaru gifted it to you on level 4 of the Lair of Beasts)

   rF-:       It makes you vulnerable to fire.
   rC+:       It protects you from cold.
   rN+:       It protects you from negative energy.
 s - the +3 pair of gloves "Wiekk" {rC++}
   (Okawaru gifted it to you on level 5 of the Lair of Beasts)

   rC++:      It greatly protects you from cold.
 u - the +2 ring mail of Instinct (worn) {+Inv Slay+3}
   (Okawaru gifted it to you on level 3 of the Lair of Beasts)

   Slay+3:    It affects your accuracy & damage with ranged weapons and melee
   (+3).
   +Inv:      It lets you turn invisible.
 v - a +0 helmet (worn)
Jewellery
 c - a +4 ring of protection (left hand)
 d - an amulet of faith (around neck)
 j - a +6 ring of strength
 n - a ring of see invisible (right hand)
 r - a ring of protection from cold
 w - an amulet of the acrobat
Scrolls
 b - 2 scrolls of identify
 e - a scroll of enchant armour {unknown}
Potions
 a - 7 potions of curing
 f - 3 potions of mutation
 g - 2 potions of haste
 m - 2 potions of resistance
 o - a potion of cancellation
 p - 2 potions of enlightenment

Dungeon Overview and Level Annotations

Branches:
Dungeon (8/15)             Temple (0/1) D:6            Lair (5/5) D:8
 Shoals (0/4) Lair:2       Spider (0/4) Lair:3      Ossuary (visited)
  Slime: Lair:4-5

Altars:
Ashenzari
Cheibriados
Gozag
Hepliaklqana
Makhleb
Okawaru
Ru
Sif Muna
Trog
Uskayaw
Vehumet
Wu Jian
Yredelemnul
Zin

Shops:
D:1 ?   D:3 [   D:5 *   D:7 *   D:8 =?[*


Message History

You shoot a bolt. The bolt misses the black mamba.
The bolt pierces through the cane toad but does no damage.
The black mamba barely misses you. The black mamba bites you!
The wolf spider hits you but does no damage.
The wolf spider bites you but does no damage.
The cane toad stings you!
The black mamba bites you but does no damage. x2
The wolf spider hits you but does no damage.
The wolf spider barely misses you.
The cane toad stings you but does no damage.
12953 |||
Found retreat position at 0,-1 (wolf spider; floor) with 0 blocking monsters and 3 monsters attacking at destination at distance 1
12953 ||| READING scroll of teleportation.
As you read the scroll of teleportation, it crumbles to dust.
You feel strangely unstable.
The black mamba bites you but does no damage. x2
The wolf spider barely misses you. The wolf spider misses you.
The black mamba barely misses you.
The black mamba bites you but does no damage.
The cane toad closely misses you.
12954 |||
Found retreat position at 0,-1 (wolf spider; floor) with 0 blocking monsters and 3 monsters attacking at destination at distance 1 You shoot a bolt.
The bolt pierces through the black mamba!!
You kill the black mamba!
Okawaru accepts your kill.
The bolt pierces through the cane toad!
The cane toad is moderately wounded.
The wolf spider barely misses you. The wolf spider closely misses you.
The black mamba barely misses you.
The wolf spider hits you but does no damage.
The wolf spider closely misses you. The cane toad stings you!
The black mamba bites you but does no damage.
12955 |||
Found retreat position at 0,-1 (wolf spider; floor) with 0 blocking monsters and 3 monsters attacking at destination at distance 1 You shoot a bolt.
The bolt pierces through the cane toad!
The cane toad is severely wounded.
The black mamba bites you but does no damage.
The wolf spider completely misses you.
The wolf spider bites you but does no damage.
The cane toad barely misses you. x2; The wolf spider closely misses you.
The wolf spider bites you.
You die...

. #....%........~ ..
#....##........ ..
##....##.......~ ..
.... #....##......<..
.P. #...
##...##...P...... ...
... #...##...........
.#
#Ss##.%##.....#......
.###
#..#sS##....###......
...### #SS#@##?..#
........ ...%.###
##P.#FF..# ........
.<%....### #.s¤.%.###
........
.......%.##..P...##
.........
.....%%%.##......#
........}.
.%.....#####....##
..........
..P..###..#######
.........
...###.....[.# ...
#........
.###....##..####..#
.###......


You could see a wolf spider, a black mamba and 2 cane toads.

Vanquished Creatures
  Rupert (Lair:3)
  7 hydras
  A catoblepas (Lair:5)
  A two-headed ogre (D:8)
  Amaemon (D:7)
  3 skysharks
  A lindwurm (Lair:4)
  3 harpies (Lair:2)
  Pikel (D:6)
  A wolf spider (Lair:5)
  A manticore (D:6)
  28 elephants
  A guardian serpent (Lair:5)
  8 black mambas
  13 cane toads
  An orange demon (D:8)
  9 komodo dragons
  4 rime drakes
  A queen bee (Lair:2)
  A tarantella (Lair:3)
  3 hornets
  12 blink frogs
  19 dream sheep
  Sigmund (D:5)
  14 wyverns
  49 yaks
  8 basilisks
  A steam dragon (D:8)
  Edmund (D:6)
  28 water moccasins
  2 ice beasts
  2 orc warriors
  A sky beast (D:8)
  A black bear (D:5)
  3 ogres
  18 wolves
  A centaur (D:6)
  A phantom (D:5)
  A lemure (D:6)
  10 bullfrogs
  3 scorpions
  A water moccasin zombie (Ossuary)
  29 killer bees
  4 hounds
  6 jellies
  An iron imp (D:3)
  3 iguanas
  A hell rat (Lair:2)
  A sleepcap (D:5)
  Natasha (D:3)
  6 orc wizards
  2 mummies (Ossuary)
  6 gnolls
  8 adders
  2 shadow imps
  3 white imps (D:6)
  4 adder zombies (Ossuary)
  A worm (D:3)
  3 dart slugs
  27 orcs
  7 ball pythons
  6 endoplasms
  A giant cockroach (D:1)
  3 goblins
  7 hobgoblins
  8 jackals
  4 quokkas
  2 bats
  4 frilled lizards
  5 gnoll zombies (Ossuary)
  8 hobgoblin zombies (Ossuary)
  11 kobolds
  4 kobold zombies (Ossuary)
  7 orc zombies (Ossuary)
  8 rats
460 creatures vanquished.

Notes
Turn   | Place    | Note
-------+----------+-------------------------------------------
     0 | D:1      | qw the Gargoyle Hunter began the quest for the Orb.
     0 | D:1      | Reached XP level 1. HP: 12/12 MP: 1/1
     0 | D:1      | 0 ||| qw: Version: 0.3-a-76-g4403597
     0 | D:1      | 0 ||| qw: Game counter: 634
     0 | D:1      | 0 ||| qw: Melee chars always use a shield: true
     0 | D:1      | 0 ||| qw: God list: Okawaru
     0 | D:1      | 0 ||| qw: Allow faded altars: false
     0 | D:1      | 0 ||| qw: Do Orc after clearing Dungeon:15 true
     0 | D:1      | 0 ||| qw: Do second Lair branch before Depths: true
     0 | D:1      | 0 ||| qw: Lair rune preference: random
     0 | D:1      | 0 ||| qw: Goals: Normal
     0 | D:1      | 0 ||| PLANNING D:1-11
   124 | D:1      | Reached XP level 2. HP: 17/17 MP: 2/2
   558 | D:1      | Found Umijam's Magic Scroll Boutique.
   567 | D:1      | 567 ||| SHOPLISTING scroll of identify (24 gold, have 8).
   567 | D:1      | 567 ||| SHOPLISTING scroll of teleportation (36 gold, have
                  | 8).
   614 | D:1      | Reached XP level 3. HP: 20/21 MP: 3/3
   827 | D:1      | 827 ||| READING scroll labelled WAUCRARAAKI.
   828 | D:1      | 828 ||| READING scroll labelled FOXUFA OGATAOH.
   829 | D:1      | 829 ||| READING scroll labelled HOER TECITOIQ.
   830 | D:1      | 830 ||| DROPPING scroll of butterflies.
   899 | D:2      | Reached skill level 5 in Ranged Weapons
  1395 | D:2      | Reached skill level 3 in Fighting
  1698 | D:2      | 1698 ||| UPGRADING to amulet of faith.
  1703 | D:2      | 1703 ||| DROPPING ring of wizardry.
  1704 | D:2      | 1704 ||| READING scroll labelled DAMADO RUARYSU.
  1705 | D:2      | 1705 ||| READING scroll labelled ZIPPIPSOVA.
  1757 | D:3      | Reached XP level 4. HP: 28/28 MP: 4/4
  1846 | D:3      | Found a sacrificial altar of Ru.
  1901 | D:3      | Found a broken altar of Ashenzari.
  1977 | D:3      | Found a faded altar of an unknown god.
  2064 | D:3      | Found an iron altar of Okawaru.
  2065 | D:3      | 2065 ||| PLANNING OKAWARU WORSHIP
  2065 | D:3      | 2065 ||| UPGRADING to +6 ring of strength.
  2066 | D:3      | 2066 ||| DRINKING 2 red potions.
  2067 | D:3      | 2067 ||| READING 5 scrolls of identify.
  2067 | D:3      | 2067 ||| IDENTIFYING emerald potion
  2068 | D:3      | 2068 ||| READING 4 scrolls of identify.
  2068 | D:3      | 2068 ||| IDENTIFYING sedimented red potion
  2069 | D:3      | 2069 ||| READING 3 scrolls of identify.
  2069 | D:3      | 2069 ||| IDENTIFYING murky pink potion
  2072 | D:3      | 2072 ||| READING 2 scrolls of identify.
  2072 | D:3      | 2072 ||| IDENTIFYING murky orange potion
  2073 | D:3      | 2073 ||| DROPPING potion of degeneration.
  2074 | D:3      | 2074 ||| DROPPING potion of attraction.
  2086 | D:3      | Became a worshipper of Warmaster Okawaru
  2087 | D:3      | 2087 ||| PLANNING D:1-11
  2169 | D:3      | Found a hazy altar of Hepliaklqana.
  2173 | D:3      | Found a radiant altar of Vehumet.
  2175 | D:3      | Found a hide-covered altar of Uskayaw.
  2299 | D:3      | Noticed Natasha
  2302 | D:3      | Killed Natasha
  2303 | D:3      | Reached XP level 5. HP: 27/32 MP: 5/5
  2324 | D:3      | Found Hiptanketsi's Antique Armour Emporium.
  2330 | D:3      | 2330 ||| BUYING ring mail (108 gold).
  2330 | D:3      | Bought a ring mail for 108 gold pieces
  2330 | D:3      | 2330 ||| SHOPLISTING runed scarf (216 gold, have 4).
  2349 | D:3      | Reached skill level 6 in Ranged Weapons
  2385 | D:3      | Found a snail-covered altar of Cheibriados.
  2450 | D:3      | 2450 ||| UPGRADING to +0 ring mail.
  2460 | D:3      | 2460 ||| DROPPING +0 leather armour.
  2461 | D:3      | 2461 ||| READING scroll labelled QAZISTREUMIO.
  2531 | D:4      | Reached skill level 1 in Armour
  2535 | D:4      | Noticed an ogre
  2541 | D:4      | Killed an ogre
  2541 | D:4      | Reached * piety under Okawaru
  2542 | D:4      | Reached XP level 6. HP: 39/39 MP: 6/6
  2718 | D:4      | Reached skill level 1 in Invocations
  2747 | D:4      | 2747 ||| READING scroll of brand weapon.
  2747 | D:4      | 2747 ||| BRANDING +1 shortbow of electrocution.
  3016 | D:4      | Found a shimmering blue altar of Sif Muna.
  3274 | D:4      | 3274 ||| UPGRADING to +0 pair of gloves.
  3279 | D:4      | 3279 ||| READING 4 scrolls of identify.
  3279 | D:4      | 3279 ||| IDENTIFYING fuming dark potion
  3280 | D:4      | 3280 ||| DROPPING potion of brilliance.
  3293 | D:5      | Entered Level 5 of the Dungeon
  3294 | D:5      | 3294 ||| INVOKING Heroism.
  3295 | D:5      | 3295 ||| STAIRDANCE
  3316 | D:5      | 3316 ||| STAIRDANCE
  3318 | D:4      | 3318 ||| INVOKING Heroism.
  3394 | D:5      | Found a glowing silver altar of Zin.
  3395 | D:5      | Found Zin's Purification Station.
  3402 | D:5      | 3402 ||| SHOPLISTING potion of curing (90 gold, have 78).
  3502 | D:5      | Noticed Sigmund
  3503 | D:5      | 3503 ||| INVOKING Heroism.
  3513 | D:5      | Killed Sigmund
  3514 | D:5      | Reached skill level 3 in Invocations
  3514 | D:5      | Reached XP level 7. HP: 38/44 MP: 6/9
  3541 | D:5      | Found a basalt altar of Yredelemnul.
  3592 | D:5      | 3592 ||| INVOKING Heroism.
  3597 | D:5      | Reached skill level 7 in Ranged Weapons
  3719 | D:5      | Reached skill level 8 in Ranged Weapons
  3719 | D:5      | Reached XP level 8. HP: 48/48 MP: 11/11
  3814 | D:5      | 3814 ||| INVOKING Heroism.
  3941 | D:5      | Reached ** piety under Okawaru
  4135 | D:5      | 4135 ||| UPGRADING to +1 robe of fire resistance.
  4163 | D:6      | Noticed Pikel
  4164 | D:6      | 4164 ||| INVOKING Heroism.
  4164 | D:6      | Noticed Edmund
  4172 | D:6      | 4172 ||| READING scroll of teleportation.
  4199 | D:6      | 4199 ||| Stepping ~*~*~tactically~*~*~ (outnumbered).
  4216 | D:6      | 4216 ||| Stepping ~*~*~tactically~*~*~ (outnumbered).
  4219 | D:6      | 4219 ||| Stepping ~*~*~tactically~*~*~ (outnumbered).
  4285 | D:6      | Found an opulent altar of Gozag.
  4328 | D:6      | 4328 ||| INVOKING Heroism.
  4336 | D:6      | Killed Edmund
  4337 | D:6      | Reached skill level 9 in Ranged Weapons
  4357 | D:6      | 4357 ||| INVOKING Heroism.
  4399 | D:6      | Found a bloodstained altar of Trog.
  4405 | D:6      | Noticed a manticore
  4406 | D:6      | 4406 ||| INVOKING Heroism.
  4416 | D:6      | Killed a manticore
  4416 | D:6      | Reached *** piety under Okawaru
  4417 | D:6      | Reached XP level 9. HP: 41/57 MP: 9/12
  4502 | D:6      | 4502 ||| INVOKING Heroism.
  4503 | D:6      | 4503 ||| RETREATING.
  4520 | D:6      | 4520 ||| Stepping ~*~*~tactically~*~*~ (retreating).
  4521 | D:6      | 4521 ||| Stepping ~*~*~tactically~*~*~ (retreating).
  4522 | D:6      | 4522 ||| Stepping ~*~*~tactically~*~*~ (retreating).
  4523 | D:6      | 4523 ||| INVOKING Heroism.
  4526 | D:6      | Killed Pikel
  4527 | D:6      | Reached skill level 10 in Ranged Weapons
  4749 | D:6      | Found a staircase to the Ecumenical Temple.
  4848 | D:6      | 4848 ||| FLEEEEING.
  4851 | D:6      | 4851 ||| FLEEEEING.
  4852 | D:6      | 4852 ||| FLEEEEING.
  4854 | D:6      | 4854 ||| INVOKING Heroism.
  4871 | D:6      | Reached skill level 3 in Dodging
  4950 | D:6      | 4950 ||| SWAPPING to +0 orcbow of draining.
  4951 | D:6      | 4951 ||| DROPPING +1 shortbow of freezing.
  5057 | D:6      | 5057 ||| UPGRADING to +1 robe of resistance.
  5067 | D:6      | 5067 ||| DROPPING +1 robe of fire resistance.
  5068 | D:6      | 5068 ||| READING scroll labelled CADILA JUGE.
  5069 | D:6      | 5069 ||| READING 4 scrolls of identify.
  5069 | D:6      | 5069 ||| IDENTIFYING grey potion
  5103 | D:7      | Received a gift from Okawaru
  5105 | D:7      | 5105 ||| INVOKING Heroism.
  5114 | D:7      | 5114 ||| Stepping ~*~*~tactically~*~*~ (retreating).
  5115 | D:7      | 5115 ||| Stepping ~*~*~tactically~*~*~ (retreating).
  5132 | D:7      | 5132 ||| INVOKING Heroism.
  5137 | D:7      | Reached skill level 11 in Ranged Weapons
  5394 | D:7      | Found Opar's Mass Market.
  5411 | D:7      | Found a burning altar of Makhleb.
  5532 | D:7      | 5532 ||| INVOKING Heroism.
  5631 | D:7      | 5631 ||| READING scroll labelled BAARECVEJANG.
  5666 | D:8      | Noticed Amaemon
  5667 | D:8      | 5667 ||| PLANNING OSSUARY
  5667 | D:8      | 5667 ||| INVOKING Heroism.
  5667 | D:8      | Noticed an orange demon
  5668 | D:8      | 5668 ||| STAIRDANCE
  5683 | D:7      | Killed Amaemon
  5683 | D:7      | Reached **** piety under Okawaru
  5684 | D:7      | Reached XP level 10. HP: 51/64 MP: 11/13
  5735 | D:8      | 5735 ||| STAIRDANCE
  5800 | D:8      | Killed an orange demon
  5801 | D:8      | Reached skill level 12 in Ranged Weapons
  5816 | D:8      | 5816 ||| Stepping ~*~*~tactically~*~*~ (retreating).
  5817 | D:8      | 5817 ||| Stepping ~*~*~tactically~*~*~ (retreating).
  5831 | D:8      | Reached ***** piety under Okawaru
  5842 | D:8      | 5842 ||| INVOKING Heroism.
  5926 | D:8      | 5926 ||| INVOKING Heroism.
  5989 | D:8      | Found a sand-covered staircase.
  5990 | D:8      | 5990 ||| READING 2 scrolls labelled LAREAM ZERERPH.
  5990 | D:8      | Identified 2 scrolls of acquirement
  5990 | D:8      | 5990 ||| ACQUIRING ring of protection from cold
  5990 | D:8      | Acquired a ring of protection from cold
  5992 | D:8      | 5992 ||| UPGRADING to ring of protection from cold.
  5993 | D:8      | 5993 ||| READING scroll of acquirement.
  5993 | D:8      | 5993 ||| ACQUIRING 475 gold pieces
  5993 | D:8      | Acquired 475 gold pieces
  6003 | Ossuary  | Entered an ossuary
  6241 | Ossuary  | 6241 ||| READING scroll labelled SAZACZ CIDI.
  6242 | Ossuary  | 6242 ||| READING 3 scrolls of identify.
  6242 | Ossuary  | 6242 ||| IDENTIFYING bubbling clear potion
  6243 | Ossuary  | 6243 ||| READING 2 scrolls of identify.
  6243 | Ossuary  | 6243 ||| IDENTIFYING puce potion
  6244 | Ossuary  | 6244 ||| DROPPING potion of ambrosia.
  6253 | D:8      | 6253 ||| PLANNING D:1-11
  6253 | D:8      | Found Aziepefi's Jewellery Shoppe.
  6264 | D:8      | 6264 ||| BUYING +4 ring of protection (504 gold).
  6264 | D:8      | Bought a +4 ring of protection for 504 gold pieces
  6264 | D:8      | 6264 ||| SHOPLISTING +5 ring of evasion (504 gold, have
                  | 222).
  6264 | D:8      | 6264 ||| BUYING ring of see invisible (210 gold).
  6264 | D:8      | Bought a ring of see invisible for 210 gold pieces
  6264 | D:8      | 6264 ||| SHOPLISTING ring of willpower (350 gold, have 12).
  6288 | D:8      | 6288 ||| FLEEEEING.
  6294 | D:8      | 6294 ||| FLEEEEING.
  6369 | D:8      | Found a staircase to the Lair.
  6388 | D:8      | 6388 ||| READING scroll of enchant weapon.
  6388 | D:8      | 6388 ||| ENCHANTING +0 orcbow of draining.
  6435 | D:8      | Noticed an animated plate armour
  6440 | D:8      | Found Ytemolia's Armour Shop.
  6443 | D:8      | Noticed an animated shadow dragon scales
  6458 | D:8      | 6458 ||| SHOPLISTING +0 robe "Veifegil" {Contam Str+2
                  | Dex+4} (176 gold, have 44).
  6458 | D:8      | 6458 ||| SHOPLISTING +1 leather armour "Maj Sof" {Rampage
                  | rPois Regen+ rCorr} (285 gold, have 44).
  6458 | D:8      | 6458 ||| SHOPLISTING +2 robe of Stoicism {rPois rF+ rC-
                  | Str+5} (388 gold, have 44).
  6458 | D:8      | 6458 ||| SHOPLISTING +3 ring mail of cold resistance (312
                  | gold, have 44).
  6487 | D:8      | Found an ornate altar of the Wu Jian Council.
  6496 | D:8      | Found Gumemoeda's Magic Scroll Boutique.
  6498 | D:8      | Found Fial's General Store.
  6504 | D:8      | 6504 ||| SHOPLISTING scroll of enchant armour (82 gold,
                  | have 44).
  6504 | D:8      | 6504 ||| BUYING scroll of identify (22 gold).
  6504 | D:8      | Bought a scroll of identify for 22 gold pieces
  6504 | D:8      | 6504 ||| SHOPLISTING scroll of teleportation (33 gold, have
                  | 22).
  6510 | D:8      | 6510 ||| SHOPLISTING +0 arbalest (58 gold, have 22).
  6510 | D:8      | 6510 ||| SHOPLISTING amulet of regeneration (390 gold, have
                  | 22).
  6510 | D:8      | 6510 ||| SHOPLISTING potion of enlightenment (65 gold, have
                  | 22).
  6510 | D:8      | 6510 ||| SHOPLISTING scroll of identify (26 gold, have 22).
  6520 | D:8      | Noticed a two-headed ogre
  6521 | D:8      | 6521 ||| INVOKING Heroism.
  6527 | D:8      | Killed a two-headed ogre
  6528 | D:8      | Reached skill level 6 in Invocations
  6569 | D:8      | 6569 ||| INVOKING Heroism.
  6762 | D:8      | 6762 ||| PLANNING LAIR
  6762 | D:8      | 6762 ||| UPGRADING to +4 ring of protection.
  6764 | D:8      | 6764 ||| UPGRADING to ring of see invisible.
  6766 | D:8      | 6766 ||| READING 3 scrolls of identify.
  6766 | D:8      | 6766 ||| IDENTIFYING sedimented ruby potion
  6793 | Lair:1   | Entered Level 1 of the Lair of Beasts
  6846 | Lair:1   | Noticed a cane toad
  6847 | Lair:1   | 6847 ||| INVOKING Heroism.
  6863 | Lair:1   | Killed a cane toad
  6863 | Lair:1   | Received a gift from Okawaru
  7069 | Lair:1   | Reached XP level 11. HP: 68/68 MP: 16/16
  7072 | Lair:1   | 7072 ||| RETREATING.
  7079 | Lair:1   | 7079 ||| Stepping ~*~*~tactically~*~*~ (retreating).
  7083 | Lair:1   | 7083 ||| Stepping ~*~*~tactically~*~*~ (retreating).
  7084 | Lair:1   | 7084 ||| Stepping ~*~*~tactically~*~*~ (retreating).
  7086 | Lair:1   | 7086 ||| Stepping ~*~*~tactically~*~*~ (retreating).
  7089 | Lair:1   | 7089 ||| INVOKING Heroism.
  7098 | Lair:1   | Reached skill level 13 in Ranged Weapons
  7123 | Lair:1   | 7123 ||| INVOKING Heroism.
  7164 | Lair:1   | Identified the +7 arbalest of the Desert {penet, rElec rN+
                  | Str+2 Int-5} (Okawaru gifted it to you on level 1 of the
                  | Lair of Beasts)
  7164 | Lair:1   | Received a gift from Okawaru
  7235 | Lair:1   | 7235 ||| SWAPPING to +7 arbalest of the Desert {penet,
                  | rElec rN+ Str+2 Int-5}.
  7236 | Lair:1   | 7236 ||| DROPPING +1 orcbow of draining.
  7433 | Lair:1   | 7433 ||| INVOKING Heroism.
  7767 | Lair:2   | 7767 ||| INVOKING Heroism.
  7770 | Lair:2   | 7770 ||| STAIRDANCE
  7782 | Lair:2   | 7782 ||| STAIRDANCE
  7795 | Lair:2   | 7795 ||| STAIRDANCE
  7800 | Lair:1   | Reached skill level 9 in Fighting
  7842 | Lair:2   | Reached skill level 9 in Invocations
  7846 | Lair:2   | 7846 ||| RETREATING.
  7850 | Lair:2   | 7850 ||| RETREATING.
  7858 | Lair:2   | 7858 ||| INVOKING Heroism.
  7866 | Lair:2   | HP: 11/71 [yak (13)]
  7867 | Lair:2   | 7867 ||| READING scroll of teleportation.
  7868 | Lair:2   | 7868 ||| DRINKING 4 potions of heal wounds.
  7870 | Lair:2   | 7870 ||| DRINKING 3 potions of heal wounds.
  7873 | Lair:2   | 7873 ||| RETREATING.
  7883 | Lair:2   | 7883 ||| Stepping ~*~*~tactically~*~*~ (retreating).
  7886 | Lair:2   | HP: 16/71 [elephant (3)]
  7887 | Lair:2   | 7887 ||| DRINKING 2 potions of heal wounds.
  7915 | Lair:2   | 7915 ||| FLEEEEING.
  7916 | Lair:2   | 7916 ||| FLEEEEING.
  7917 | Lair:2   | 7917 ||| FLEEEEING.
  7922 | Lair:2   | 7922 ||| STAIRDANCE
  8042 | Lair:2   | 8042 ||| Stepping ~*~*~tactically~*~*~ (outnumbered).
  8053 | Lair:2   | 8053 ||| Stepping ~*~*~tactically~*~*~ (retreating).
  8054 | Lair:2   | 8054 ||| Stepping ~*~*~tactically~*~*~ (retreating).
  8055 | Lair:2   | 8055 ||| Stepping ~*~*~tactically~*~*~ (retreating).
  8058 | Lair:2   | Identified the +8 plate armour "Peets" {+Blink +Inv Str-5
                  | Int-3} (Okawaru gifted it to you on level 2 of the Lair of
                  | Beasts)
  8058 | Lair:2   | Received a gift from Okawaru
  8061 | Lair:2   | 8061 ||| INVOKING Heroism.
  8065 | Lair:2   | Reached skill level 14 in Ranged Weapons
  8161 | Lair:2   | 8161 ||| FLEEEEING.
  8162 | Lair:2   | 8162 ||| FLEEEEING.
  8163 | Lair:2   | 8163 ||| FLEEEEING.
  8164 | Lair:2   | 8164 ||| FLEEEEING.
  8165 | Lair:2   | 8165 ||| FLEEEEING.
  8166 | Lair:2   | 8166 ||| FLEEEEING.
  8167 | Lair:2   | 8167 ||| FLEEEEING.
  8168 | Lair:2   | 8168 ||| FLEEEEING.
  8169 | Lair:2   | 8169 ||| FLEEEEING.
  8170 | Lair:2   | 8170 ||| STAIRDANCE
  8203 | Lair:2   | 8203 ||| INVOKING Heroism.
  8206 | Lair:2   | 8206 ||| STAIRDANCE
  8215 | Lair:1   | Reached XP level 12. HP: 58/77 MP: 19/19
  8347 | Lair:2   | 8347 ||| INVOKING Heroism.
  8404 | Lair:2   | 8404 ||| RETREATING.
  8417 | Lair:2   | 8417 ||| Stepping ~*~*~tactically~*~*~ (retreating).
  8418 | Lair:2   | 8418 ||| Stepping ~*~*~tactically~*~*~ (retreating).
  8419 | Lair:2   | 8419 ||| Stepping ~*~*~tactically~*~*~ (retreating).
  8420 | Lair:2   | 8420 ||| Stepping ~*~*~tactically~*~*~ (retreating).
  8421 | Lair:2   | 8421 ||| Stepping ~*~*~tactically~*~*~ (retreating).
  8422 | Lair:2   | 8422 ||| Stepping ~*~*~tactically~*~*~ (retreating).
  8423 | Lair:2   | 8423 ||| INVOKING Heroism.
  8551 | Lair:2   | Noticed a skyshark
  8563 | Lair:2   | 8563 ||| INVOKING Heroism.
  8565 | Lair:2   | Killed a skyshark
  8747 | Lair:2   | Noticed a five-headed hydra
  8748 | Lair:2   | 8748 ||| RETREATING.
  8749 | Lair:2   | 8749 ||| INVOKING Heroism.
  8761 | Lair:2   | Killed a five-headed hydra
  8893 | Lair:2   | 8893 ||| RETREATING.
  8900 | Lair:2   | 8900 ||| Stepping ~*~*~tactically~*~*~ (retreating).
  8901 | Lair:2   | 8901 ||| Stepping ~*~*~tactically~*~*~ (retreating).
  8931 | Lair:2   | Reached skill level 15 in Ranged Weapons
  8936 | Lair:2   | 8936 ||| INVOKING Heroism.
  8970 | Lair:2   | Identified the +0 chain mail of Dogmatism {rN+ Dex+3}
                  | (Okawaru gifted it to you on level 2 of the Lair of Beasts)
  8970 | Lair:2   | Received a gift from Okawaru
  9024 | Lair:2   | Found a staircase to the Shoals.
  9152 | Lair:2   | 9152 ||| INVOKING Heroism.
  9397 | Lair:2   | Identified the +5 rapier "Giofoam" {speed, +Blink Str+3
                  | Stlth-}
  9482 | Lair:2   | 9482 ||| READING scroll labelled WIONO QUGREEQ.
  9483 | Lair:2   | 9483 ||| READING 3 scrolls of identify.
  9483 | Lair:2   | 9483 ||| IDENTIFYING lumpy ruby potion
  9533 | Lair:3   | 9533 ||| INVOKING Heroism.
  9595 | Lair:3   | Reached skill level 16 in Ranged Weapons
  9659 | Lair:3   | Noticed a five-headed hydra
  9660 | Lair:3   | 9660 ||| INVOKING Heroism.
  9666 | Lair:3   | Killed a five-headed hydra
  9667 | Lair:3   | Reached XP level 13. HP: 70/83 MP: 18/20
  9736 | Lair:3   | 9736 ||| RETREATING.
  9776 | Lair:3   | 9776 ||| INVOKING Heroism.
  9884 | Lair:3   | 9884 ||| RETREATING.
  9886 | Lair:3   | 9886 ||| Stepping ~*~*~tactically~*~*~ (retreating).
  9887 | Lair:3   | 9887 ||| Stepping ~*~*~tactically~*~*~ (retreating).
  9888 | Lair:3   | 9888 ||| Stepping ~*~*~tactically~*~*~ (retreating).
  9889 | Lair:3   | 9889 ||| Stepping ~*~*~tactically~*~*~ (retreating).
  9890 | Lair:3   | 9890 ||| Stepping ~*~*~tactically~*~*~ (retreating).
  9891 | Lair:3   | 9891 ||| Stepping ~*~*~tactically~*~*~ (retreating).
  9892 | Lair:3   | 9892 ||| Stepping ~*~*~tactically~*~*~ (retreating).
  9979 | Lair:3   | 9979 ||| RETREATING.
  9981 | Lair:3   | 9981 ||| Stepping ~*~*~tactically~*~*~ (retreating).
  9983 | Lair:3   | 9983 ||| Stepping ~*~*~tactically~*~*~ (retreating).
  9986 | Lair:3   | 9986 ||| Stepping ~*~*~tactically~*~*~ (retreating).
  9987 | Lair:3   | 9987 ||| Stepping ~*~*~tactically~*~*~ (retreating).
  9989 | Lair:3   | 9989 ||| Stepping ~*~*~tactically~*~*~ (retreating).
 10002 | Lair:3   | 10002 ||| INVOKING Heroism.
 10006 | Lair:3   | Identified the +2 ring mail of Instinct {+Inv Slay+3}
                  | (Okawaru gifted it to you on level 3 of the Lair of Beasts)
 10006 | Lair:3   | Received a gift from Okawaru
 10050 | Lair:3   | 10050 ||| INVOKING Heroism.
 10144 | Lair:3   | Noticed Rupert
 10145 | Lair:3   | 10145 ||| INVOKING Heroism.
 10146 | Lair:3   | 10146 ||| INVOKING Finesse.
 10150 | Lair:3   | Paralysed by Rupert for 3 turns
 10159 | Lair:3   | Killed Rupert
 10160 | Lair:3   | Reached skill level 17 in Ranged Weapons
 10556 | Lair:3   | Found a hole to the Spider Nest.
 10628 | Lair:3   | 10628 ||| DROPPING +0 ring mail.
 10629 | Lair:3   | 10629 ||| UPGRADING to +2 ring mail of Instinct {+Inv
                  | Slay+3}.
 10639 | Lair:3   | 10639 ||| UPGRADING to +0 helmet.
 10644 | Lair:3   | 10644 ||| DROPPING amulet of guardian spirit.
 10645 | Lair:3   | 10645 ||| DROPPING ring of resist corrosion.
 10666 | Lair:4   | 10666 ||| RETREATING.
 10667 | Lair:4   | 10667 ||| Stepping ~*~*~tactically~*~*~ (retreating).
 10668 | Lair:4   | 10668 ||| Stepping ~*~*~tactically~*~*~ (retreating).
 10676 | Lair:4   | Reached skill level 3 in Armour
 10765 | Lair:4   | 10765 ||| RETREATING.
 10884 | Lair:4   | 10884 ||| INVOKING Heroism.
 10946 | Lair:4   | 10946 ||| INVOKING Heroism.
 10996 | Lair:4   | 10996 ||| RETREATING.
 11003 | Lair:4   | 11003 ||| Stepping ~*~*~tactically~*~*~ (retreating).
 11005 | Lair:4   | 11005 ||| Stepping ~*~*~tactically~*~*~ (retreating).
 11007 | Lair:4   | 11007 ||| Stepping ~*~*~tactically~*~*~ (retreating).
 11023 | Lair:4   | 11023 ||| Stepping ~*~*~tactically~*~*~ (retreating).
 11024 | Lair:4   | 11024 ||| Stepping ~*~*~tactically~*~*~ (retreating).
 11027 | Lair:4   | Reached skill level 6 in Armour
 11031 | Lair:4   | 11031 ||| Stepping ~*~*~tactically~*~*~ (retreating).
 11037 | Lair:4   | 11037 ||| INVOKING Heroism.
 11043 | Lair:4   | HP: 18/84 [elephant (5)]
 11044 | Lair:4   | 11044 ||| READING 2 scrolls of teleportation.
 11045 | Lair:4   | 11045 ||| DRINKING potion of heal wounds.
 11320 | Lair:4   | 11320 ||| RETREATING.
 11393 | Lair:4   | 11393 ||| RETREATING.
 11452 | Lair:4   | 11452 ||| RETREATING.
 11518 | Lair:4   | 11518 ||| INVOKING Heroism.
 11529 | Lair:4   | 11529 ||| RETREATING.
 11543 | Lair:4   | Reached skill level 18 in Ranged Weapons
 11543 | Lair:4   | Gained mutation: Your large and strong wings let you fly.
                  | [Gargoyle growth]
 11543 | Lair:4   | Reached XP level 14. HP: 90/90 MP: 21/21
 11620 | Lair:4   | Identified the +3 ring mail "Angyovim" {rF- rC+ rN+}
                  | (Okawaru gifted it to you on level 4 of the Lair of Beasts)
 11620 | Lair:4   | Received a gift from Okawaru
 11764 | Lair:4   | Reached skill level 12 in Fighting
 11907 | Lair:4   | 11907 ||| READING 3 scrolls of identify.
 11907 | Lair:4   | 11907 ||| IDENTIFYING amethyst potion
 11908 | Lair:4   | 11908 ||| READING 2 scrolls of identify.
 11908 | Lair:4   | 11908 ||| IDENTIFYING glowing dark potion
 11909 | Lair:4   | 11909 ||| DROPPING potion of invisibility.
 11910 | Lair:4   | 11910 ||| DROPPING potion of lignification.
 11939 | Lair:5   | Entered Level 5 of the Lair of Beasts
 11940 | Lair:5   | 11940 ||| RETREATING.
 11942 | Lair:5   | 11942 ||| RETREATING.
 11948 | Lair:5   | 11948 ||| INVOKING Heroism.
 11961 | Lair:5   | Reached skill level 6 in Dodging
 12006 | Lair:5   | 12006 ||| INVOKING Heroism.
 12112 | Lair:5   | 12112 ||| INVOKING Heroism.
 12204 | Lair:5   | 12204 ||| INVOKING Heroism.
 12205 | Lair:5   | 12205 ||| INVOKING Finesse.
 12210 | Lair:5   | 12210 ||| Stepping ~*~*~tactically~*~*~ (retreating).
 12267 | Lair:5   | 12267 ||| Stepping ~*~*~tactically~*~*~ (retreating).
 12268 | Lair:5   | 12268 ||| Stepping ~*~*~tactically~*~*~ (retreating).
 12282 | Lair:5   | 12282 ||| INVOKING Heroism.
 12393 | Lair:5   | 12393 ||| RETREATING.
 12407 | Lair:5   | 12407 ||| Stepping ~*~*~tactically~*~*~ (retreating).
 12414 | Lair:5   | 12414 ||| INVOKING Heroism.
 12577 | Lair:5   | 12577 ||| INVOKING Heroism.
 12595 | Lair:5   | 12595 ||| RETREATING.
 12618 | Lair:5   | 12618 ||| Stepping ~*~*~tactically~*~*~ (retreating).
 12619 | Lair:5   | 12619 ||| Stepping ~*~*~tactically~*~*~ (retreating).
 12650 | Lair:5   | 12650 ||| INVOKING Heroism.
 12658 | Lair:5   | Identified the +3 pair of gloves "Wiekk" {rC++} (Okawaru
                  | gifted it to you on level 5 of the Lair of Beasts)
 12658 | Lair:5   | Received a gift from Okawaru
 12831 | Lair:5   | 12831 ||| RETREATING.
 12834 | Lair:5   | 12834 ||| Stepping ~*~*~tactically~*~*~ (retreating).
 12835 | Lair:5   | 12835 ||| Stepping ~*~*~tactically~*~*~ (retreating).
 12836 | Lair:5   | 12836 ||| Stepping ~*~*~tactically~*~*~ (retreating).
 12837 | Lair:5   | 12837 ||| Stepping ~*~*~tactically~*~*~ (retreating).
 12838 | Lair:5   | 12838 ||| Stepping ~*~*~tactically~*~*~ (retreating).
 12855 | Lair:5   | 12855 ||| Stepping ~*~*~tactically~*~*~ (retreating).
 12857 | Lair:5   | 12857 ||| Stepping ~*~*~tactically~*~*~ (retreating).
 12939 | Lair:5   | 12939 ||| Stepping ~*~*~tactically~*~*~ (retreating).
 12942 | Lair:5   | 12942 ||| Stepping ~*~*~tactically~*~*~ (retreating).
 12944 | Lair:5   | 12944 ||| INVOKING Heroism.
 12952 | Lair:5   | HP: 20/96 [black mamba (7)]
 12953 | Lair:5   | 12953 ||| READING scroll of teleportation.
 12954 | Lair:5   | HP: 2/96 [cane toad (8)]
 12955 | Lair:5   | Slain by a wolf spider

Levels and vault maps discovered:
D:1:      dpeg_arrival_three_smaller_balls, layout_loops_corners, serial_shops,
          nicolae_shop_advertising_works [nicolae_subvault_shop_adworks],
          corexii_leaking_fountain, chequers_serial_rivers_micro_c, hex_large,
          st_stairs_3
D:2:      layout_basic
D:3:      layout_loops_ring, nicolae_ru_awakened_eye, minitemple, slow_altar_1,
          okawaru_ov_weapons_minmay, ashenzari_altar_1, serial_shops, shop,
          dreamdust_ecumenical_altar_angels_and_demons, uniq_natasha
D:4:      layout_cave_pods, lemuel_doored_altar, kennysheep_generic_room_6
D:5:      layout_rooms, lemuel_round_altar, zin_purify,
          minmay_misc_feat_nine_boxes, minmay_splitting_lines,
          serial_park_tiny_2, minmay_misc_feat_alley, minmay_hedge_maze,
          nicolae_elevator_lobby_asterisk, uniq_sigmund
D:6:      layout_basic, nicolae_gozag_cash_rules_everything_around_me,
          bloody_trog, temple_green, uniq_pikel, uniq_edmund
D:7:      layout_cave_pools, mainiacjoe_overflow_concentric_impassable,
          grunt_ogre_cave, minmay_misc_feat_pillars,
          dreamdust_princess_corridor, minmay_shop_mass
D:8:      layout_cave_pools, kennysheep_little_box, dpeg_oklobed_lair,
          serial_shops, shop, nicolae_shop_mannequins,
          nicolae_shop_gaudy_bauble, shop, nicolae_ossuary_entry_ruins,
          uniq_amaemon
Lair:1:   layout_long_grid, beast_lair_carwin_10
Lair:2:   regret_index_tunnel_blossom, layout_regular_city,
          nicolae_shoals_entry_roost
Lair:3:   layout_roguey, spider_nest_entry_rubble, lemuel_fruit_tree,
          grunt_megastairs_1, serial_bayou_shore_b, uniq_rupert
Lair:4:   layout_gridlike, serial_bayou_shore_b
Lair:5:   hangedman_lair_tendril_chambers, layout_regular_city, wormcave,
          minmay_slime_entry_oklob_enclosed, serial_rivers,
          chequers_serial_rivers_large_b, chequers_serial_rivers_small_3,
          chequers_serial_rivers_micro_a, chequers_serial_rivers_room_b,
          chequers_serial_rivers_small_a

Skill      XL: |  1  2  3  4  5  6  7  8  9 10 11 12 13 14 |
---------------+-------------------------------------------+-----
Ranged Weapons | 5 6 8 9 11 12 14 16 18 | 18.0
Fighting       | 3 4 7 8 9 10 11 14 | 14.0
Armour         | 1 2 6 7 |  7.2
Invocations    | 3 4 7 10 | 10.0
Dodging        | 2 3 4 5 7 |  7.0
Stealth        | |  1.1

Action                     |  1- 3 |  4- 6 |  7- 9 | 10-12 | 13-15 || total
---------------------------+-------+-------+-------+-------+-------++-------
  Melee: Unarmed           |       |       |     5 |       |       ||     5
   Fire: Shortbow          |   112 |   116 |   184 |       |       ||   412
         Orcbow            |       |       |    73 |   298 |       ||   371
         Arbalest          |       |       |       |   338 |   509 ||   847
 Invoke: Heroism           |       |     3 |    13 |    20 |    17 ||    53
         Finesse           |       |       |       |       |     2 ||     2
    Use: Scroll            |     5 |     7 |     4 |    10 |     4 ||    30
         Potion            |       |     1 |       |     3 |     1 ||     5
 Armour: Leather armour    |    18 |     5 |       |       |       ||    23
         Ring mail         |       |    17 |    14 |       |   265 ||   296
         Robe              |       |       |    48 |   283 |    48 ||   379
  Dodge: Dodged            |    15 |    28 |    85 |   333 |   292 ||   753

Table legend:
 A = Non-vault XP
 B = Vault XP
 C = Vault XP percentage of total XP
 D = Non-vault monster count
 E = Vault monster count
 F = Vault count percentage of total count
                 A         B        C        D         E       F
            +---------+---------+-------+---------+---------+-------
      Total |   54937 |   26518 |  32.6 |     315 |     144 |  31.4
            +---------+---------+-------+---------+---------+-------
        D:1 |      31 |       3 |   8.8 |      20 |       2 |   9.1
        D:2 |      46 |       0 |   0.0 |      18 |       0 |   0.0
        D:3 |      77 |      74 |  49.0 |      14 |       2 |  12.5
        D:4 |     372 |       6 |   1.6 |      23 |       3 |  11.5
        D:5 |     627 |     226 |  26.5 |      11 |       1 |   8.3
        D:6 |    1509 |     776 |  34.0 |      27 |       2 |   6.9
        D:7 |     590 |     884 |  60.0 |      16 |       2 |  11.1
        D:8 |    2116 |     409 |  16.2 |      23 |       1 |   4.2
     Lair:1 |    2396 |    2430 |  50.4 |       9 |      11 |  55.0
     Lair:2 |    9611 |    7138 |  42.6 |      29 |      48 |  62.3
     Lair:3 |    6612 |    6167 |  48.3 |      27 |      11 |  28.9
     Lair:4 |   16001 |       0 |   0.0 |      54 |       0 |   0.0
     Lair:5 |   14949 |    8234 |  35.5 |      44 |      30 |  40.5
    Ossuary |       0 |     171 | 100.0 |       0 |      31 | 100.0
            +---------+---------+-------+---------+---------+-------
